Workbook

Sheet Planilha Orçamentária
A1: SECRETARIA MUNICIPAL DE EDUCAÇÃO DE JANUÁRIA - MG
A2: Prefeitura Municipal de Januária
A3: Secretaria Municipal de Educação de Januária | E3: BDI= | F3: ='Composição BDI'!D11 -> 0.2704
A4: Obra: Construção Cemei Jove da Mata
A5: Preço base: Sicor-out/25, Sinapi-dez/25, Orse-jan/25
A6: Local: Januária-MG
A7: Item | B7: Fonte / Código | C7: Descriçao do item | D7: Valor Unitário sem BDI | E7: Valor unitário com BDI | F7: Unidade | H7: Quantidade | I7: Valor Total
A8: 1 | C8: SERVIÇOS PRELIMINARES | I8: =SUM(I9:I14) -> 74808.63
A9: 1.1 | B9: SICOR - ED-28427 | C9: FORNECIMENTO E COLOCAÇÃO DE PLACA DE OBRA EM CHAPA GALVANIZADA #26, ESP. 0,45MM, DIMENSÃO (3X1,5)M, PLOTADA COM ADESIVO VINÍLICO, AFIXADA COM REBITES 4,8X40MM, EM ESTRUTURA METÁLICA DE METALON 20X20MM, ESP. 1,25MM, INCLUSIVE SUPORTE EM EUCALIPTO AUTOCLAVADO PINTADO COM TINTA PVA DUAS (2) DEMÃOS | D9: 1187.1 | E9: =ROUND(D9+$F$3*D9,2) -> 1508.09 | F9: UNID. | G9: =ROUND(1,2) -> 1 | H9: =ROUND(G9,2) -> 1 | I9: =ROUND(H9*E9,2) -> 1508.09
A10: 1.2 | B10: ORSE - 04177 | C10: LOCAÇÃO DE CONSTRUÇÃO DE EDIFICAÇÃO ACIMA DE 1000 M2, INCLUSIVE EXECUÇÃO DE GABARITO DE MADEIRA | D10: 5.91 | E10: =ROUND(D10+$F$3*D10,2) -> 7.51 | F10: M2 | G10: =1988.97+4.07 -> 1993.04 | H10: =ROUND(G10,2) -> 1993.04 | I10: =ROUND(H10*E10,2) -> 14967.73
A11: 1.3 | B11: SICOR - ED-29823 | C11: TAPUME FIXO DE PROTEÇÃO PARA FECHAMENTO DE OBRA EM TELHA METÁLICA GALVANIZADA, TIPO TRAPEZOIDAL, ESP. 0,5MM, COM MÓDULO NA DIMENSÃO DE (300X220)CM, COM REAPROVEITAMENTO, EXCLUSIVE PINTURA ESMALTE, INCLUSIVE PONTALETE E FIXAÇÃO | D11: 66.72 | E11: =ROUND(D11+$F$3*D11,2) -> 84.76 | F11: M2 | G11: =2.2*240 -> 528 | H11: =ROUND(G11,2) -> 528 | I11: =ROUND(H11*E11,2) -> 44753.28
A12: 1.4 | B12: SICOR - ED-50128 | C12: BARRACÃO DE OBRA PARA DEPÓSITO E FERRAMENTARIA TIPO-I, ÁREA INTERNA 14,52M2, EM CHAPA DE COMPENSADO RESINADO, INCLUSIVE MOBILIÁRIO (OBRA DE PEQUENO PORTE, EFETIVO ATÉ 30 HOMENS), PADRÃO DER-MG | D12: 9161.71 | E12: =ROUND(D12+$F$3*D12,2) -> 11639.04 | F12: UNID. | G12: =ROUND(1,2) -> 1 | H12: =ROUND(G12,2) -> 1 | I12: =ROUND(H12*E12,2) -> 11639.04
A13: 1.5 | B13: SICOR - ED-50150 | C13: LIGAÇÃO DE ÁGUA PROVISÓRIA PARA CANTEIRO, INCLUSIVE HIDRÔMETRO E CAVALETE PARA MEDIÇÃO DE ÁGUA - ENTRADA PRINCIPAL, EM AÇO GALVANIZADO DN 20MM (1/2") - PADRÃO CONCESSIONÁRIA | D13: 600.2 | E13: =ROUND(D13+$F$3*D13,2) -> 762.49 | F13: UNID. | G13: =ROUND(1,2) -> 1 | H13: =ROUND(G13,2) -> 1 | I13: =ROUND(H13*E13,2) -> 762.49
A14: 1.6 | B14: SICOR - ED-50151 | C14: LIGAÇÃO PROVISÓRIA COM ENTRADA DE ENERGIA AÉREA, PADRÃO CEMIG, CARGA INSTALADA DE 15,1KVA ATÉ 30KVA, TRIFÁSICO, COM SAÍDA SUBTERRÂNEA, INCLUSIVE POSTE, CAIXA PARA MEDIDOR, DISJUNTOR, BARRAMENTO, ATERRAMENTO E ACESSÓRIOS | D14: 927.27 | E14: =ROUND(D14+$F$3*D14,2) -> 1178 | F14: UNID. | G14: =ROUND(1,2) -> 1 | H14: =ROUND(G14,2) -> 1 | I14: =ROUND(H14*E14,2) -> 1178
A15: 2 | C15: MOVIMENTO DE TERRA | I15: =SUM(I16:I21) -> 62387.97
A16: 2.1 | B16: SICOR - ED-51107 | C16: ESCAVAÇÃO MANUAL DE VALA COM PROFUNDIDADE MENOR OU IGUAL A 1,5M, INCLUSIVE DESCARGA LATERAL | D16: 80.46 | E16: =ROUND(D16+$F$3*D16,2) -> 102.22 | F16: M3 | G16: =((1*1*1)*90+(46.07*0.15*0.4)*4+(44.95*0.15*0.4)*2+(12.85*0.15*0.4)*2+(6*0.15*0.4)*29+(2.5*0.15*0.4)*5+(2.57*0.15*0.4)*2+((2.6+1.6)*0.15*0.4)+(19.46*0.15*0.4)+(4*0.15*0.4)+(3.75*0.15*0.4)+(2.9*0.15*0.4)) -> 121.5498 | H16: =ROUND(G16,2) -> 121.55 | I16: =ROUND(H16*E16,2) -> 12424.84
A17: 2.2 | B17: SICOR - ED-29230 | C17: TRANSPORTE DE MATERIAL DE QUALQUER NATUREZA EM CAMINHÃO, DISTÂNCIA MAIOR QUE 1KM E MENOR OU IGUAL A 2KM, DENTRO DO PERÍMETRO URBANO, EXCLUSIVE CARGA, INCLUSIVE DESCARGA | D17: 3.87 | E17: =ROUND(D17+$F$3*D17,2) -> 4.92 | F17: M3xKM | G17: =G18*2 -> 3980.87 | H17: =ROUND(G17,2) -> 3980.87 | I17: =ROUND(H17*E17,2) -> 19585.88
A18: 2.3 | B18: SICOR - ED-51132 | C18: CARGA MECÂNICA DE MATERIAL DE QUALQUER NATUREZA SOBRE CAMINHÃO, EXCLUSIVE TRANSPORTE | D18: 3.35 | E18: =ROUND(D18+$F$3*D18,2) -> 4.26 | F18: M3 | G18: =(3980.87)*0.5 -> 1990.435 | H18: =ROUND(G18,2) -> 1990.44 | I18: =ROUND(H18*E18,2) -> 8479.27
A19: 2.4 | B19: SICOR - ED-29190 | C19: COMPACTAÇÃO MECÂNICA DE ATERRO COM ROLO VIBRATÓRIO A 100% DO PROCTOR INTERMEDIÁRIO, INCLUSIVE ESPALHAMENTO - ELEVAÇÃO DA CONSTRUÇÃO , DO PISO INTERTRAVADO E DO PASSEIO INTERNO | D19: 5.95 | E19: =ROUND(D19+$F$3*D19,2) -> 7.56 | F19: M3 | G19: =G18 -> 1990.435 | H19: =ROUND(G19,2) -> 1990.44 | I19: =ROUND(H19*E19,2) -> 15047.73
A20: 2.5 | B20: SICOR - ED-51093 | C20: APILOAMENTO MANUAL EM FUNDO DE VALA COM SOQUETE, EXCLUSIVE ESCAVAÇÃO | D20: 27.13 | E20: =ROUND(D20+$F$3*D20,2) -> 34.47 | F20: M2 | G20: =((46.07)*4+(44.95)*2+(12.85)*2+(6)*29+(2.5)*5+(2.57)*2+(2.6+1.6)+(19.46)+(4)+(3.75)+(2.9))*0.2 -> 105.166 | H20: =ROUND(G20,2) -> 105.17 | I20: =ROUND(H20*E20,2) -> 3625.21
A21: 2.6 | B21: SICOR - ED-51120 | C21: REATERRO MANUAL DE VALA, INCLUSIVE ESPALHAMENTO E COMPACTAÇÃO MANUAL COM SOQUETE - REDES HIDROSSANITÁRIAS | D21: 80.46 | E21: =ROUND(D21+$F$3*D21,2) -> 102.22 | F21: M3 | G21: =G20*0.3 -> 31.5498 | H21: =ROUND(G21,2) -> 31.55 | I21: =ROUND(H21*E21,2) -> 3225.04
A22: 3 | C22: FUNDAÇÃO | I22: =SUM(I23:I33) -> 192586.42
A23: 3.1 | B23: SICOR - ED-49812 | C23: LASTRO DE CONCRETO MAGRO, INCLUSIVE TRANSPORTE, LANÇAMENTO E ADENSAMENTO - SAPATAS (H = 5 CM) | D23: 630.36 | E23: =ROUND(D23+$F$3*D23,2) -> 800.81 | F23: M3 | G23: =(0.6*0.7*0.05)*131 -> 2.751 | H23: =ROUND(G23,2) -> 2.75 | I23: =ROUND(H23*E23,2) -> 2202.23
A24: 3.2 | B24: SICOR - ED-49787 | C24: FORNECIMENTO DE CONCRETO ESTRUTURAL, PREPARADO EM OBRA COM BETONEIRA, COM FCK 25MPA, INCLUSIVE LANÇAMENTO, ADENSAMENTO E ACABAMENTO (FUNDAÇÃO) - SAPATAS E PESCOÇO | D24: 816.03 | E24: =ROUND(D24+$F$3*D24,2) -> 1036.68 | F24: M3 | G24: 17.9 | H24: =ROUND(G24,2) -> 17.9 | I24: =ROUND(H24*E24,2) -> 18556.57
A25: 3.3 | B25: SICOR - ED-49810 | C25: FÔRMA E DESFORMA PARA VIGA-CINTA/BLOCO COM TÁBUA E SARRAFO, REAPROVEITAMENTO (3X) (FUNDAÇÃO) - SAPATAS | D25: 80.98 | E25: =ROUND(D25+$F$3*D25,2) -> 102.88 | F25: M2 | G25: 88.1 | H25: =ROUND(G25,2) -> 88.1 | I25: =ROUND(H25*E25,2) -> 9063.73
A26: 3.4 | B26: SINAPI - 96545 | C26: ARMAÇÃO DE BLOCO UTILIZANDO AÇO CA-50 DE 8 MM - MONTAGEM. AF_01/2024 (SAPATAS) | D26: 15.78 | E26: =ROUND(D26+$F$3*D26,2) -> 20.05 | F26: KG | G26: 687.5 | H26: =ROUND(G26,2) -> 687.5 | I26: =ROUND(H26*E26,2) -> 13784.38
A27: 3.5 | B27: SICOR - ED-49787 | C27: FORNECIMENTO DE CONCRETO ESTRUTURAL, PREPARADO EM OBRA COM BETONEIRA, COM FCK 25MPA, INCLUSIVE LANÇAMENTO, ADENSAMENTO E ACABAMENTO (FUNDAÇÃO) - VIGAS BALDRAME | D27: 816.03 | E27: =ROUND(D27+$F$3*D27,2) -> 1036.68 | F27: M3 | G27: 31.6 | H27: =ROUND(G27,2) -> 31.6 | I27: =ROUND(H27*E27,2) -> 32759.09
A28: 3.6 | B28: SICOR - ED-49810 | C28: FÔRMA E DESFORMA PARA VIGA-CINTA/BLOCO COM TÁBUA E SARRAFO, REAPROVEITAMENTO (3X) (FUNDAÇÃO) - VIGAS BALDRAME | D28: 80.98 | E28: =ROUND(D28+$F$3*D28,2) -> 102.88 | F28: M2 | G28: 533.4 | H28: =ROUND(G28,2) -> 533.4 | I28: =ROUND(H28*E28,2) -> 54876.19
A29: 3.7 | B29: SINAPI - 104108 | C29: ARMAÇÃO DE PILAR OU VIGA DE ESTRUTURA DE CONCRETO ARMADO EMBUTIDA EM ALVENARIA DE VEDAÇÃO UTILIZANDO AÇO CA-50 DE 12,5 MM - MONTAGEM. AF_06/2022 | D29: 10.25 | E29: =ROUND(D29+$F$3*D29,2) -> 13.02 | F29: KG | G29: =14.8+44.5 -> 59.3 | H29: =ROUND(G29,2) -> 59.3 | I29: =ROUND(H29*E29,2) -> 772.09
A30: 3.8 | B30: SINAPI - 104107 | C30: ARMAÇÃO DE PILAR OU VIGA DE ESTRUTURA DE CONCRETO ARMADO EMBUTIDA EM ALVENARIA DE VEDAÇÃO UTILIZANDO AÇO CA-50 DE 10,0 MM - MONTAGEM | D30: 12.24 | E30: =ROUND(D30+$F$3*D30,2) -> 15.55 | F30: KG | G30: =119.2+953 -> 1072.2 | H30: =ROUND(G30,2) -> 1072.2 | I30: =ROUND(H30*E30,2) -> 16672.71
A31: 3.9 | B31: SINAPI - 104109 | C31: ARMAÇÃO DE PILAR OU VIGA DE ESTRUTURA DE CONCRETO ARMADO EMBUTIDA EM ALVENARIA DE VEDAÇÃO UTILIZANDO AÇO CA-50 DE 8,0 MM - MONTAGEM. AF_06/2022 | D31: 15.4 | E31: =ROUND(D31+$F$3*D31,2) -> 19.56 | F31: KG | G31: 1177.3 | H31: =ROUND(G31,2) -> 1177.3 | I31: =ROUND(H31*E31,2) -> 23027.99
A32: 3.10 | B32: SINAPI - 104110 | C32: ARMAÇÃO DE PILAR OU VIGA DE ESTRUTURA DE CONCRETO ARMADO EMBUTIDA EM ALVENARIA DE VEDAÇÃO UTILIZANDO AÇO CA-50 DE 6,3 MM - MONTAGEM. AF_06/2022 | D32: 18 | E32: =ROUND(D32+$F$3*D32,2) -> 22.87 | F32: KG | G32: 1.1 | H32: =ROUND(G32,2) -> 1.1 | I32: =ROUND(H32*E32,2) -> 25.16
A33: 3.11 | B33: SINAPI - 104111 | C33: ARMAÇÃO DE PILAR OU VIGA DE ESTRUTURA DE CONCRETO ARMADO EMBUTIDA EM ALVENARIA DE VEDAÇÃO UTILIZANDO AÇO CA-60 DE 5,0 MM - MONTAGEM | D33: 21.06 | E33: =ROUND(D33+$F$3*D33,2) -> 26.75 | F33: KG | G33: =467.4+311.9 -> 779.3 | H33: =ROUND(G33,2) -> 779.3 | I33: =ROUND(H33*E33,2) -> 20846.28
A34: 4 | C34: ESTRUTURA | I34: =SUM(I35:I48) -> 833659
A35: 4.1 | B35: SICOR - ED-49619 | C35: FORNECIMENTO DE CONCRETO ESTRUTURAL, PREPARADO EM OBRA, COM FCK 25MPA, INCLUSIVE LANÇAMENTO, ADENSAMENTO E ACABAMENTO - PILARES E PILARES DA PLATIBANDA | D35: 853.68 | E35: =ROUND(D35+$F$3*D35,2) -> 1084.52 | F35: M3 | G35: =25+4.4 -> 29.4 | H35: =ROUND(G35,2) -> 29.4 | I35: =ROUND(H35*E35,2) -> 31884.89
A36: 4.2 | B36: SINAPI - 92263 | C36: FABRICAÇÃO DE FÔRMA PARA PILARES E ESTRUTURAS SIMILARES, EM CHAPA DE MADEIRA COMPENSADA RESINADA, E = 17 MM | D36: 166.45 | E36: =ROUND(D36+$F$3*D36,2) -> 211.46 | F36: M2 | G36: =445.8+80.1 -> 525.9 | H36: =ROUND(G36,2) -> 525.9 | I36: =ROUND(H36*E36,2) -> 111206.81
A37: 4.3 | B37: SICOR - ED-49619 | C37: FORNECIMENTO DE CONCRETO ESTRUTURAL, PREPARADO EM OBRA, COM FCK 25MPA, INCLUSIVE LANÇAMENTO, ADENSAMENTO E ACABAMENTO - VIGAS AÉREAS E VIGAS DA PLATIBANDA | D37: 853.68 | E37: =ROUND(D37+$F$3*D37,2) -> 1084.52 | F37: M3 | G37: =46.1+11.7 -> 57.8 | H37: =ROUND(G37,2) -> 57.8 | I37: =ROUND(H37*E37,2) -> 62685.26
A38: 4.4 | B38: SINAPI - 92265 | C38: FABRICAÇÃO DE FÔRMA PARA VIGAS, EM CHAPA DE MADEIRA COMPENSADA RESINADA, E = 17 MM | D38: 123.13 | E38: =ROUND(D38+$F$3*D38,2) -> 156.42 | F38: M2 | G38: =622.8+206.6 -> 829.4 | H38: =ROUND(G38,2) -> 829.4 | I38: =ROUND(H38*E38,2) -> 129734.75
A39: 4.5 | B39: SINAPI - 104108 | C39: ARMAÇÃO DE PILAR OU VIGA DE ESTRUTURA DE CONCRETO ARMADO EMBUTIDA EM ALVENARIA DE VEDAÇÃO UTILIZANDO AÇO CA-50 DE 12,5 MM - MONTAGEM. AF_06/2022 | D39: 10.25 | E39: =ROUND(D39+$F$3*D39,2) -> 13.02 | F39: KG | G39: =182+78.6 -> 260.6 | H39: =ROUND(G39,2) -> 260.6 | I39: =ROUND(H39*E39,2) -> 3393.01
A40: 4.6 | B40: SINAPI - 104107 | C40: ARMAÇÃO DE PILAR OU VIGA DE ESTRUTURA DE CONCRETO ARMADO EMBUTIDA EM ALVENARIA DE VEDAÇÃO UTILIZANDO AÇO CA-50 DE 10,0 MM - MONTAGEM | D40: 12.24 | E40: =ROUND(D40+$F$3*D40,2) -> 15.55 | F40: KG | G40: =574.8+2131.5 -> 2706.3 | H40: =ROUND(G40,2) -> 2706.3 | I40: =ROUND(H40*E40,2) -> 42082.97
A41: 4.7 | B41: SINAPI - 104109 | C41: ARMAÇÃO DE PILAR OU VIGA DE ESTRUTURA DE CONCRETO ARMADO EMBUTIDA EM ALVENARIA DE VEDAÇÃO UTILIZANDO AÇO CA-50 DE 8,0 MM - MONTAGEM. AF_06/2022 | D41: 15.4 | E41: =ROUND(D41+$F$3*D41,2) -> 19.56 | F41: KG | G41: 1995 | H41: =ROUND(G41,2) -> 1995 | I41: =ROUND(H41*E41,2) -> 39022.2
A42: 4.8 | B42: SINAPI - 104110 | C42: ARMAÇÃO DE PILAR OU VIGA DE ESTRUTURA DE CONCRETO ARMADO EMBUTIDA EM ALVENARIA DE VEDAÇÃO UTILIZANDO AÇO CA-50 DE 6,3 MM - MONTAGEM. AF_06/2022 | D42: 18 | E42: =ROUND(D42+$F$3*D42,2) -> 22.87 | F42: KG | G42: 0.9 | H42: =ROUND(G42,2) -> 0.9 | I42: =ROUND(H42*E42,2) -> 20.58
A43: 4.9 | B43: SINAPI - 104111 | C43: ARMAÇÃO DE PILAR OU VIGA DE ESTRUTURA DE CONCRETO ARMADO EMBUTIDA EM ALVENARIA DE VEDAÇÃO UTILIZANDO AÇO CA-60 DE 5,0 MM - MONTAGEM | D43: 21.06 | E43: =ROUND(D43+$F$3*D43,2) -> 26.75 | F43: KG | G43: =893.6+896.7 -> 1790.3 | H43: =ROUND(G43,2) -> 1790.3 | I43: =ROUND(H43*E43,2) -> 47890.53
A44: 4.10 | B44: SICOR - ED-50842 | C44: PILAR EM CONCRETO APARENTE 20 MPa, INCLUSIVE ARMAÇÃO, FÔRMA PLASTIFICADA E DESFORMA | D44: 3325.75 | E44: =ROUND(D44+$F$3*D44,2) -> 4225.03 | F44: M3 | G44: =(0.12566*3.5)*12+(0.12566*3)*18 -> 12.06336 | H44: =ROUND(G44,2) -> 12.06 | I44: =ROUND(H44*E44,2) -> 50953.86
A45: 4.11 | B45: SINAPI - 101964 | C45: LAJE PRÉ-MOLDADA UNIDIRECIONAL, BIAPOIADA, PARA FORRO, ENCHIMENTO EM CERÂMICA, VIGOTA CONVENCIONAL, ALTURA TOTAL DA LAJE (ENCHIMENTO+CAPA) = (8+3) | D45: 194.48 | E45: =ROUND(D45+$F$3*D45,2) -> 247.07 | F45: M2 | G45: =1138.64 -> 1138.64 | H45: =ROUND(G45,2) -> 1138.64 | I45: =ROUND(H45*E45,2) -> 281323.78
A46: 4.12 | B46: SINAPI - 93187 | C46: VERGA MOLDADA IN LOCO EM CONCRETO, ESPESSURA DE *20* CM. AF_03/2024 - JANELAS | D46: 86.7 | E46: =ROUND(D46+$F$3*D46,2) -> 110.14 | F46: M | G46: =(2.7*26)+(3.2*3)+(2.6*3)+(3.7*2)+(3.4)+(2.6)+(2.2*6)+(1.4*17)+(1.8*5)+(3*2) -> 153 | H46: =ROUND(G46,2) -> 153 | I46: =ROUND(H46*E46,2) -> 16851.42
A47: 4.13 | B47: SINAPI - 93197 | C47: CONTRAVERGA MOLDADA IN LOCO EM CONCRETO, ESPESSURA DE *20* CM. AF_03/2024 | D47: 64.48 | E47: =ROUND(D47+$F$3*D47,2) -> 81.92 | F47: M | G47: =G46 -> 153 | H47: =ROUND(G47,2) -> 153 | I47: =ROUND(H47*E47,2) -> 12533.76
A48: 4.14 | B48: SINAPI - 93187 | C48: VERGA MOLDADA IN LOCO EM CONCRETO, ESPESSURA DE *20* CM. AF_03/2024 - PORTAS | D48: 86.7 | E48: =ROUND(D48+$F$3*D48,2) -> 110.14 | F48: M | G48: =1*37 -> 37 | H48: =ROUND(G48,2) -> 37 | I48: =ROUND(H48*E48,2) -> 4075.18
A49: 5 | C49: PAREDES E DIVISÓRIAS | I49: =SUM(I50:I52) -> 267799.77
A50: 5.1 | B50: SICOR - ED-48232 | C50: ALVENARIA DE VEDAÇÃO COM TIJOLO CERÂMICO FURADO, ESP. 14CM, PARA REVESTIMENTO, INCLUSIVE ARGAMASSA PARA ASSENTAMENTO | D50: 74.34 | E50: =ROUND(D50+$F$3*D50,2) -> 94.44 | F50: M2 | G50: =(((46.07*4)+(44.95*2)+(12.85*2)+(6*28)+(2.5*5)+(2.57*2)+((2.6+1.6))+(19.46)+(4)+(3.75)+(2.9))*4.85)+(((2*3.14*0.5)*0.05)*6+((2*3.14*0.45)*0.05)*5+((2*3.14*0.65)*0.05)*6+((2*3.14*0.75)*0.05)) -> 2524.2841 | H50: =ROUND(G50,2) -> 2524.28 | I50: =ROUND(H50*E50,2) -> 238393
A51: 5.2 | B51: SINAPI - 101161 | C51: ALVENARIA DE VEDAÇÃO COM ELEMENTO VAZADO DE CONCRETO (COBOGÓ) DE 7X50X50CM E ARGAMASSA DE ASSENTAMENTO COM PREPARO EM BETONEIRA. AF_05/2020 | D51: 251.09 | E51: =ROUND(D51+$F$3*D51,2) -> 318.98 | F51: M2 | G51: =(2.5*1.2)*3 -> 9 | H51: =ROUND(G51,2) -> 9 | I51: =ROUND(H51*E51,2) -> 2870.82
A52: 5.4 | B52: ORSE - 13250 | C52: DIVISÓRIA EM GRANITO BRANCO SIENA, POLIDO DO DOIS LADOS, E= 2CM, INCLUSIVE MONTAGEM COM FERRAGENS | D52: 814.34 | E52: =ROUND(D52+$F$3*D52,2) -> 1034.54 | F52: M2 | G52: =(0.9+0.9+((1.12+0.19)*8)+((1.72+0.69)*2))*1.5 -> 25.65 | H52: =ROUND(G52,2) -> 25.65 | I52: =ROUND(H52*E52,2) -> 26535.95
A53: 6 | C53: COBERTURA | I53: =SUM(I54:I59) -> 373123.25
A54: 6.1 | B54: SINAPI - 92570 | C54: TRAMA DE AÇO COMPOSTA POR RIPAS PARA TELHADOS DE ATÉ 2 ÁGUAS PARA TELHA DE ENCAIXE DE CERÂMICA OU DE CONCRETO, INCLUSO TRANSPORTE VERTICAL, EXCLUSIVE PINTURA. AF_10/2025 | D54: 44.65 | E54: =ROUND(D54+$F$3*D54,2) -> 56.72 | F54: M2 | G54: =G45+G56 -> 1311.68 | H54: =ROUND(G54,2) -> 1311.68 | I54: =ROUND(H54*E54,2) -> 74398.49
A55: 6.2 | B55: SINAPI - 94216 | C55: TELHAMENTO COM TELHA METÁLICA TERMOACÚSTICA E = 30 MM, COM ATÉ 2 ÁGUAS, INCLUSO IÇAMENTO. AF_07/2019 | D55: 152.58 | E55: =ROUND(D55+$F$3*D55,2) -> 193.84 | F55: M2 | G55: =G45 -> 1138.64 | H55: =ROUND(G55,2) -> 1138.64 | I55: =ROUND(H55*E55,2) -> 220713.98
A56: 6.4 | B56: SINAPI - 94201 | C56: TELHAMENTO COM TELHA CERÂMICA CAPA-CANAL, TIPO COLONIAL, COM ATÉ 2 ÁGUAS, INCLUSO TRANSPORTE VERTICAL. AF_07/2019 | D56: 93.6 | E56: =ROUND(D56+$F$3*D56,2) -> 118.91 | F56: M2 | G56: =86.52*2 -> 173.04 | H56: =ROUND(G56,2) -> 173.04 | I56: =ROUND(H56*E56,2) -> 20576.19
A57: 6.5 | B57: SICOR - ED-50650 | C57: CALHA EM CHAPA GALVANIZADA, ESP. 0,8MM (GSG-22), COM DESENVOLVIMENTO DE 50CM, INCLUSIVE IÇAMENTO MANUAL VERTICAL | D57: 68.75 | E57: =ROUND(D57+$F$3*D57,2) -> 87.34 | F57: M | G57: =((30.75+36.9+20.07+45.85)*2)+6.6 -> 273.74 | H57: =ROUND(G57,2) -> 273.74 | I57: =ROUND(H57*E57,2) -> 23908.45
A58: 6.6 | B58: SICOR - ED-50667 | C58: CHAPIM EM CHAPA GALVANIZADA, COM PINGADEIRA, ESP. 0,65MM (GSG-24), COM DESENVOLVIMENTO DE 35CM, INCLUSIVE IÇAMENTO MANUAL VERTICAL | D58: 48.93 | E58: =ROUND(D58+$F$3*D58,2) -> 62.16 | F58: M | G58: =((46.15+31.05+6.3+6.9+2.15)*2)+37.2+6.3+8.87+9.3+14.45+33.22+15.85+6.3+(3.3*12) -> 356.19 | H58: =ROUND(G58,2) -> 356.19 | I58: =ROUND(H58*E58,2) -> 22140.77
A59: 6.7 | B59: SICOR - ED-50669 | C59: CONDUTOR CIRCULAR DE ÁGUA PLUVIAL PARA DO TELHADO EM TUBO DE PVC, DIÂMETRO DE 75MM, INCLUSIVE CONEXÕES E SUPORTES | D59: 105.81 | E59: =ROUND(D59+$F$3*D59,2) -> 134.42 | F59: M | G59: =22*3.85 -> 84.7 | H59: =ROUND(G59,2) -> 84.7 | I59: =ROUND(H59*E59,2) -> 11385.37
A60: 7 | C60: ESQUADRIAS | I60: =SUM(I61:I67) -> 136656.65
A61: 7.1 | B61: SICOR - ED-49602 | C61: PORTA DE MADEIRA COMPLETA, DIMENSÃO (80X210)CM, TIPO DE ABRIR, UMA (1) FOLHA, ACABAMENTO NATURAL PARA PINTURA/VERNIZ, TIPO PRANCHETA/SARRAFEADA, INCLUSIVE MARCO, ALIZAR E FERRAGENS, EXCLUSIVE PINTURA/VERNIZ | D61: 1100.44 | E61: =ROUND(D61+$F$3*D61,2) -> 1398 | F61: UNID. | G61: 36 | H61: =ROUND(G61,2) -> 36 | I61: =ROUND(H61*E61,2) -> 50328
A62: 7.2 | B62: SICOR - ED-50976 | C62: PORTA METÁLICA PARA SANITÁRIO EM CHAPA GALVANIZADA, ESP. 1,25MM (GSG-18), DIMENSÃO (60X150)CM, TIPO DE ABRIR, UMA (1) FOLHA, INCLUSIVE BATENTE, ESTRUTURA EM METALON (20X30)MM, DOBRADIÇA E TRANQUETA, EXCLUSIVE PINTURA | D62: 380.46 | E62: =ROUND(D62+$F$3*D62,2) -> 483.34 | F62: UNID. | G62: 8 | H62: =ROUND(G62,2) -> 8 | I62: =ROUND(H62*E62,2) -> 3866.72
A63: 7.3 | B63: SICOR - ED-50977 | C63: PORTA METÁLICA PARA SANITÁRIO EM CHAPA GALVANIZADA, ESP. 1,25MM (GSG-18), DIMENSÃO (80X150)CM, TIPO DE ABRIR, UMA (1) FOLHA, INCLUSIVE BATENTE, ESTRUTURA EM METALON (20X30)MM, DOBRADIÇA E TRANQUETA, EXCLUSIVE PINTURA | D63: 429.91 | E63: =ROUND(D63+$F$3*D63,2) -> 546.16 | F63: UNID. | G63: =ROUND(2,2) -> 2 | H63: =ROUND(G63,2) -> 2 | I63: =ROUND(H63*E63,2) -> 1092.32
A64: 7.4 | B64: SICOR - ED-50974 | C64: PORTA METÁLICA EM CHAPA DOBRADA, DIMENSÃO (80X210)CM, TIPO DE ABRIR, UMA (1) FOLHA, COM BARRA DE APOIO INOX, COMPRIMENTO DE 40CM, INCLUSIVE ESTRUTURA, DOBRADIÇA E MARCO, EXCLUSIVE FECHADURA E PINTURA | D64: 759.59 | E64: =ROUND(D64+$F$3*D64,2) -> 964.98 | F64: UNID. | G64: 1 | H64: =ROUND(G64,2) -> 1 | I64: =ROUND(H64*E64,2) -> 964.98
A65: 7.5 | B65: ORSE - 13398 | C65: FORNECIMENTO E INSTALAÇÃO DE JANELA EM VIDRO TEMPERADO INCOLOR 8MM, INCLUSIVE PERFIS E FERRAGENS | D65: 450 | E65: =ROUND(D65+$F$3*D65,2) -> 571.68 | F65: M2 | G65: =(3*1*1)+(2.5*1*23)+(2.4*0.6*2)+(2.5*0.6*3)+(1.2*1*5)+(1.2*0.6*12)+(1.6*0.6*5)+(2*1.2*4)+(3.5*1*1)+(3.2*1*1)+(3.5*0.6*1)+(3*0.6*2)+(2.8*1*2)+(2*0.6*2) -> 117.32 | H65: =ROUND(G65,2) -> 117.32 | I65: =ROUND(H65*E65,2) -> 67069.5
A66: 7.6 | B66: SICOR - ED-50979 | C66: PORTA EM PERFIL E CHAPA METÁLICA, EXCLUSIVE FERRAGENS E PINTURA - ALÇAPÃO | D66: 433.78 | E66: =ROUND(D66+$F$3*D66,2) -> 551.07 | F66: M2 | G66: =(1.2*0.6)*5 -> 3.6 | H66: =ROUND(G66,2) -> 3.6 | I66: =ROUND(H66*E66,2) -> 1983.85
A67: 7.7 | B67: SICOR - ED-50951 | C67: FORNECIMENTO DE GRADE FIXA DE FERRO, PARA PROTEÇÃO DE JANELA, INCLUSIVE ASSENTAMENTO E ACESSÓRIOS | D67: 449.46 | E67: =ROUND(D67+$F$3*D67,2) -> 570.99 | F67: M2 | G67: =(2.2*1.4*4)+(2.7*1.4*2) -> 19.88 | H67: =ROUND(G67,2) -> 19.88 | I67: =ROUND(H67*E67,2) -> 11351.28
A68: 8 | C68: PAVIMENTAÇÃO | I68: =SUM(I69:I78) -> 676390.15
A69: 8.1 | B69: SICOR - ED-50571 | C69: PISO EM CONCRETO PREPARADO EM OBRA COM BETONEIRA COM FCK DE 13,5MPA, SEM ARMAÇÃO, ACABAMENTO RÚSTICO, ESP. 8CM, INCLUSIVE FORNECIMENTO, LANÇAMENTO, ADENSAMENTO, SARRAFEAMENTO, EXCLUSIVE JUNTA DE DILATAÇÃO | D69: 99.18 | E69: =ROUND(D69+$F$3*D69,2) -> 126 | F69: M2 | G69: =G10-92.7 -> 1900.34 | H69: =ROUND(G69,2) -> 1900.34 | I69: =ROUND(H69*E69,2) -> 239442.84
A70: 8.2 | B70: SICOR - ED-50612 | C70: PISO EM GRANILITE/MARMORITE, ESP. 8MM, ACABAMENTO POLIDO, COR CINZA, MODULAÇÃO DE (1X1)M, INCLUSIVE JUNTA ALUMÍNIO, RESINA E POLIMENTO MECANIZADO | D70: 140.6 | E70: =ROUND(D70+$F$3*D70,2) -> 178.62 | F70: M2 | G70: 1033.57 | H70: =ROUND(G70,2) -> 1033.57 | I70: =ROUND(H70*E70,2) -> 184616.27
A71: 8.3 | B71: SICOR - ED-8915 | C71: EXECUÇÃO DE PAVIMENTO COM PISO INTERTRAVADO, TIPO RETANGULAR, ESP. 6CM, COM FCK DE 35MPA, INCLUSIVE COLCHÃO DE AREIA, ESP. 6CM, PARA ASSENTAMENTO, COMPACTAÇÃO MECANIZADA, CARGA E DESCARGA MECÂNICA EM CAMINHÃO, EXCLUSIVE TRANSPORTE DE PISO INTERTRAVADO | D71: 91.87 | E71: =ROUND(D71+$F$3*D71,2) -> 116.71 | F71: M2 | G71: 749.71 | H71: =ROUND(G71,2) -> 749.71 | I71: =ROUND(H71*E71,2) -> 87498.65
A72: 8.4 | B72: SICOR - ED-8913 | C72: EXECUÇÃO DE PAVIMENTO COM PISO INTERTRAVADO, TIPO SEXTAVADO, ESP. 6CM, COM FCK DE 35MPA, INCLUSIVE COLCHÃO DE AREIA, ESP. 6CM, PARA ASSENTAMENTO, COMPACTAÇÃO MECANIZADA, CARGA E DESCARGA MECÂNICA EM CAMINHÃO, EXCLUSIVE TRANSPORTE DE PISO INTERTRAVADO | D72: 91.49 | E72: =ROUND(D72+$F$3*D72,2) -> 116.23 | F72: M2 | G72: 98.33 | H72: =ROUND(G72,2) -> 98.33 | I72: =ROUND(H72*E72,2) -> 11428.9
A73: 8.5 | B73: SICOR - ED-51145 | C73: PASSEIOS DE CONCRETO E = 6 CM, FCK = 10 MPA, JUNTA SECA - PASSEIO INTERNO - AO REDOR DA CONSTRUÇÃO, NA FRENTE DO MURO E PLAYGROUND | D73: 71.88 | E73: =ROUND(D73+$F$3*D73,2) -> 91.32 | F73: M2 | G73: =765.1+34.4 -> 799.5 | H73: =ROUND(G73,2) -> 799.5 | I73: =ROUND(H73*E73,2) -> 73010.34
A74: 8.6 | B74: SICOR - ED-49814 | C74: LASTRO DE AREIA, INCLUSIVE ADENSAMENTO E APILOAMENTO MANUAL | D74: 261.13 | E74: =ROUND(D74+$F$3*D74,2) -> 331.74 | F74: M3 | G74: =34.4*0.1 -> 3.44 | H74: =ROUND(G74,2) -> 3.44 | I74: =ROUND(H74*E74,2) -> 1141.19
A75: 8.7 | B75: SICOR - ED-51141 | C75: GUIA DE MEIO-FIO, EM CONCRETO COM FCK 15MPA, MOLDADA INLOCO, SEÇÃO 15X45CM, FORMA EM MADEIRA, EXCLUSIVE SARJETA, INCLUSIVE ESCAVAÇÃO, APILOAMENTO E TRANSPORTE COM RETIRADA DO MATERIAL ESCAVADO (EM CAÇAMBA) | D75: 144.78 | E75: =ROUND(D75+$F$3*D75,2) -> 183.93 | F75: M | G75: =55.42+66.28+64.58+67.71+20.12+2.65+2.15+17.88+17.88+11.96+11.96 -> 338.59 | H75: =ROUND(G75,2) -> 338.59 | I75: =ROUND(H75*E75,2) -> 62276.86
A76: 8.8 | B76: SICOR - ED-50436 | C76: PLANTIO DE GRAMA SÃO CARLOS EM PLACAS, INCLUSIVE TERRA VEGETAL E CONSERVAÇÃO POR TRINTA (30) DIAS | D76: 37.88 | E76: =ROUND(D76+$F$3*D76,2) -> 48.12 | F76: M2 | G76: 184.83 | H76: =ROUND(G76,2) -> 184.83 | I76: =ROUND(H76*E76,2) -> 8894.02
A77: 8.9 | B77: SICOR - ED-51001 | C77: SOLEIRA DE ARDÓSIA, COR NATURAL, ESP. 2CM, ACABAMENTO POLIDO, ASSENTAMENTO COM ARGAMASSA INDUSTRIALIZADA, INCLUSIVE REJUNTAMENTO - NAS PORTAS E VARANDAS | D77: 308.85 | E77: =ROUND(D77+$F$3*D77,2) -> 392.36 | F77: M2 | G77: =0.1*(30.9+3.1+8.95+21.7+9.3+1.2+2+3) -> 8.015 | H77: =ROUND(G77,2) -> 8.02 | I77: =ROUND(H77*E77,2) -> 3146.73
A78: 8.10 | B78: SICOR - ED-15226 | C78: PISO PODOTÁTIL DE CONCRETO, ALERTA OU DIRECIONAL, APLICADO EM PISO (20X20)CM COM JUNTA SECA, COR VERMELHO/AMARELO, INCLUSIVE ASSENTAMENTO COM ARGAMASSA INDUSTRIALIZADA | D78: 113.87 | E78: =ROUND(D78+$F$3*D78,2) -> 144.66 | F78: M2 | G78: =(47.34+47.34+41.91+1.9+3.75+2.48+2.48+1.53+(1.18*15)+(1.37*3))*0.2 -> 34.108 | H78: =ROUND(G78,2) -> 34.11 | I78: =ROUND(H78*E78,2) -> 4934.35
A79: 9 | C79: REVESTIMENTOS | I79: =SUM(I80:I83) -> 405790.78
A80: 9.1 | B80: SICOR - ED-50727 | C80: CHAPISCO COM ARGAMASSA, TRAÇO 1:3 (CIMENTO E AREIA), ESP. 5MM, APLICADO EM ALVENARIA/ESTRUTURA DE CONCRETO COM COLHER, INCLUSIVE ARGAMASSA COM PREPARO MECANIZADO - PAREDES, PILARES E VIGAS APARENTES | D80: 10.48 | E80: =ROUND(D80+$F$3*D80,2) -> 13.31 | F80: M2 | G80: =G50*2 -> 5048.5682 | H80: =ROUND(G80,2) -> 5048.57 | I80: =ROUND(H80*E80,2) -> 67196.47
A81: 9.2 | B81: SICOR - ED-9066 | C81: REVESTIMENTO DE GESSO EM TETO, ESP. 5MM, APLICAÇÃO MANUAL, INCLUSIVE ACABAMENTO SARRAFEADO - LAJES | D81: 27.46 | E81: =ROUND(D81+$F$3*D81,2) -> 34.89 | F81: M2 | G81: =G45 -> 1138.64 | H81: =ROUND(G81,2) -> 1138.64 | I81: =ROUND(H81*E81,2) -> 39727.15
A82: 9.3 | B82: SINAPI - 87548 | C82: MASSA ÚNICA, EM ARGAMASSA TRAÇO 1:2:8, PREPARO MANUAL, APLICADA MANUAL MENTE EM PAREDES INTERNAS DE AMBIENTES COM ÁREA ENTRE 5M² E 10M², E =10MM, COM TALISCAS. AF_03/2024 - PAREDES, PILARES E VIGAS APARENTES | D82: 32.61 | E82: =ROUND(D82+$F$3*D82,2) -> 41.43 | F82: M2 | G82: =G80 -> 5048.5682 | H82: =ROUND(G82,2) -> 5048.57 | I82: =ROUND(H82*E82,2) -> 209162.26
A83: 9.5 | B83: SICOR - ED-9081 | C83: REVESTIMENTO COM CERÂMICA APLICADO EM PAREDE, ACABAMENTO ESMALTADO, AMBIENTE INTERNO/EXTERNO, PADRÃO EXTRA, DIMENSÃO DA PEÇA ATÉ 2025 CM2, PEI III, ASSENTAMENTO COM ARGAMASSA INDUSTRIALIZADA, INCLUSIVE REJUNTAMENTO - PREENCHIMENTO COMPLETO DAS PAREDES DA COZINHA, DOS BANHEIROS, DEPOSITOS E SALAS | D83: 79.94 | E83: =ROUND(D83+$F$3*D83,2) -> 101.56 | F83: M2 | G83: =((6+6+3+3+6+6+3+3)*3.5)+((6+6+3+3+6+6+3+3)*3.5)+((2.9+2.9+1.8+1.8+2.9+2.9+1.8+1.8)*3.5)+((2.6+2.6+1.6+1.6)*3.5)+((6+6+2.5+2.5)*3.5)+((6+6+2.5+2.5)*3.5)+((2.5+2.5+2.5+2.5)*3.5)+((1.8+1.8+2.5+2.5+1.8+1.8+2.5+2.5)*3.5)+((6*2.57)+1.9+1.9+1.7+1.7+2.1+2.1)*3.5+((6+6+6+6)*3.5)+(((10*(6+6))*1.2)) -> 883.27 | H83: =ROUND(G83,2) -> 883.27 | I83: =ROUND(H83*E83,2) -> 89704.9
A84: 10 | C84: INSTALAÇÕES ELÉTRICAS | I84: =SUM(I85:I120) -> 197459.68
A85: 10.1 | B85: SICOR - ED-20588 | C85: ENTRADA DE ENERGIA AÉREA, TIPO C8, PADRÃO CEMIG, CARGA INSTALADA DE 66,1KVA ATÉ 75KVA, TRIFÁSICO, COM SAÍDA SUBTERRÂNEA, INCLUSIVE POSTE, CAIXA PARA MEDIDOR, DISJUNTOR, BARRAMENTO, ATERRAMENTO E ACESSÓRIOS | D85: 5363.7 | E85: =ROUND(D85+$F$3*D85,2) -> 6814.04 | F85: UNID. | G85: 1 | H85: =ROUND(G85,2) -> 1 | I85: =ROUND(H85*E85,2) -> 6814.04
A86: 10.2 | B86: SICOR - ED-49168 | C86: CAIXA DE PASSAGEM EM ALVENARIA E TAMPA DE CONCRETO, FUNDO DE BRITA, TIPO 1, DIMENSÃO (30X30X40)CM, INCLUSIVE ESCAVAÇÃO, REATERRO E BOTA-FORA | D86: 211.09 | E86: =ROUND(D86+$F$3*D86,2) -> 268.17 | F86: UNID. | G86: 2 | H86: =ROUND(G86,2) -> 2 | I86: =ROUND(H86*E86,2) -> 536.34
A87: 10.3 | B87: SICOR - ED-49016 | C87: CABO UNIPOLAR DE COBRE FLEXÍVEL, CLASSE 5, ISOLAMENTO TIPO EPR/HEPR, NÃO HALOGENADO E ANTICHAMA, DIÂMETRO DA SEÇÃO DE 95MM2, TEMPERATURA DE TRABALHO 90°C, TENSÃO NOMINAL DE OPERAÇÃO 0,6/1KV | D87: 112.59 | E87: =ROUND(D87+$F$3*D87,2) -> 143.03 | F87: M | G87: =66+22 -> 88 | H87: =ROUND(G87,2) -> 88 | I87: =ROUND(H87*E87,2) -> 12586.64
A88: 10.4 | B88: SICOR - ED-49007 | C88: CABO UNIPOLAR DE COBRE FLEXÍVEL, CLASSE 5, ISOLAMENTO TIPO EPR/HEPR, NÃO HALOGENADO E ANTICHAMA, DIÂMETRO DA SEÇÃO DE 35MM2, TEMPERATURA DE TRABALHO 90°C, TENSÃO NOMINAL DE OPERAÇÃO 0,6/1KV | D88: 44.86 | E88: =ROUND(D88+$F$3*D88,2) -> 56.99 | F88: M | G88: 22 | H88: =ROUND(G88,2) -> 22 | I88: =ROUND(H88*E88,2) -> 1253.78
A89: 10.5 | B89: SICOR - ED-49314 | C89: ELETRODUTO DE PVC RÍGIDO ROSCÁVEL, DIÂMETRO DE 75MM (3"), INSTALAÇÃO EMBUTIDA OU ENTERRADA, INCLUSIVE CONEXÕES, EXCLUSIVE RASGO EM ALVENARIA/CONCRETO OU ESCAVAÇÃO | D89: 48.23 | E89: =ROUND(D89+$F$3*D89,2) -> 61.27 | F89: M | G89: 20 | H89: =ROUND(G89,2) -> 20 | I89: =ROUND(H89*E89,2) -> 1225.4
A90: 10.6 | B90: SICOR - ED-48946 | C90: CABO ISOLADO DE COBRE FLEXÍVEL, CLASSE 5, ISOLAMENTO TIPO LSHF/ATOX, NÃO HALOGENADO E ANTICHAMA, DIÂMETRO DA SEÇÃO DE 1,5MM2, TEMPERATURA DE TRABALHO 70°C, TENSÃO NOMINAL DE OPERAÇÃO 450/750V | D90: 3.18 | E90: =ROUND(D90+$F$3*D90,2) -> 4.04 | F90: M | G90: =1130+1130+150 -> 2410 | H90: =ROUND(G90,2) -> 2410 | I90: =ROUND(H90*E90,2) -> 9736.4
A91: 10.7 | B91: SICOR - ED-48951 | C91: CABO ISOLADO DE COBRE FLEXÍVEL, CLASSE 5, ISOLAMENTO TIPO LSHF/ATOX, NÃO HALOGENADO E ANTICHAMA, DIÂMETRO DA SEÇÃO DE 2,5MM2, TEMPERATURA DE TRABALHO 70°C, TENSÃO NOMINAL DE OPERAÇÃO 450/750V | D91: 4.64 | E91: =ROUND(D91+$F$3*D91,2) -> 5.89 | F91: M | G91: =550+550+550 -> 1650 | H91: =ROUND(G91,2) -> 1650 | I91: =ROUND(H91*E91,2) -> 9718.5
A92: 10.8 | B92: SICOR - ED-48956 | C92: CABO ISOLADO DE COBRE FLEXÍVEL, CLASSE 5, ISOLAMENTO TIPO LSHF/ATOX, NÃO HALOGENADO E ANTICHAMA, DIÂMETRO DA SEÇÃO DE 4MM2, TEMPERATURA DE TRABALHO 70°C, TENSÃO NOMINAL DE OPERAÇÃO 450/750V | D92: 6.45 | E92: =ROUND(D92+$F$3*D92,2) -> 8.19 | F92: M | G92: =200+200+200 -> 600 | H92: =ROUND(G92,2) -> 600 | I92: =ROUND(H92*E92,2) -> 4914
A93: 10.9 | B93: SICOR - ED-48961 | C93: CABO ISOLADO DE COBRE FLEXÍVEL, CLASSE 5, ISOLAMENTO TIPO LSHF/ATOX, NÃO HALOGENADO E ANTICHAMA, DIÂMETRO DA SEÇÃO DE 6MM2, TEMPERATURA DE TRABALHO 70°C, TENSÃO NOMINAL DE OPERAÇÃO 450/750V | D93: 9.01 | E93: =ROUND(D93+$F$3*D93,2) -> 11.45 | F93: M | G93: =100+100+100 -> 300 | H93: =ROUND(G93,2) -> 300 | I93: =ROUND(H93*E93,2) -> 3435
A94: 10.10 | B94: SICOR - ED-14201 | C94: QUADRO DE DISTRIBUIÇÃO DE EMBUTIR EM CHAPA, PARA 56 DISJUNTORES DIN, INCLUSIVE BARRAMENTOS NEUTRO/TERRA E BARRAMENTO TRIFÁSICO DE 225A | D94: 1223.53 | E94: =ROUND(D94+$F$3*D94,2) -> 1554.37 | F94: UNID. | G94: 1 | H94: =ROUND(G94,2) -> 1 | I94: =ROUND(H94*E94,2) -> 1554.37
A95: 10.11 | B95: SICOR - ED-34476 | C95: DISJUNTOR BIPOLAR TIPO DIN, CORRENTE NOMINAL DE 25A, FORNECIMENTO E INSTALAÇÃO, INCLUSIVE TERMINAL ILHÓS | D95: 43.85 | E95: =ROUND(D95+$F$3*D95,2) -> 55.71 | F95: UNID. | G95: 15 | H95: =ROUND(G95,2) -> 15 | I95: =ROUND(H95*E95,2) -> 835.65
A96: 10.12 | B96: SICOR - ED-34477 | C96: DISJUNTOR BIPOLAR TIPO DIN, CORRENTE NOMINAL DE 32A, FORNECIMENTO E INSTALAÇÃO, INCLUSIVE TERMINAL ILHÓS | D96: 52.59 | E96: =ROUND(D96+$F$3*D96,2) -> 66.81 | F96: UNID. | G96: 12 | H96: =ROUND(G96,2) -> 12 | I96: =ROUND(H96*E96,2) -> 801.72
A97: 10.13 | B97: SICOR - ED-34463 | C97: DISJUNTOR MONOPOLAR TIPO DIN, CORRENTE NOMINAL DE 25A, FORNECIMENTO E INSTALAÇÃO, INCLUSIVE TERMINAL ILHÓS | D97: 19.57 | E97: =ROUND(D97+$F$3*D97,2) -> 24.86 | F97: UNID. | G97: 2 | H97: =ROUND(G97,2) -> 2 | I97: =ROUND(H97*E97,2) -> 49.72
A98: 10.14 | B98: SICOR - ED-34462 | C98: DISJUNTOR MONOPOLAR TIPO DIN, CORRENTE NOMINAL DE 20A, FORNECIMENTO E INSTALAÇÃO, INCLUSIVE TERMINAL ILHÓS | D98: 16.52 | E98: =ROUND(D98+$F$3*D98,2) -> 20.99 | F98: UNID. | G98: 3 | H98: =ROUND(G98,2) -> 3 | I98: =ROUND(H98*E98,2) -> 62.97
A99: 10.15 | B99: SICOR - ED-34461 | C99: DISJUNTOR MONOPOLAR TIPO DIN, CORRENTE NOMINAL DE 16A, FORNECIMENTO E INSTALAÇÃO, INCLUSIVE TERMINAL ILHÓS | D99: 18.41 | E99: =ROUND(D99+$F$3*D99,2) -> 23.39 | F99: UNID. | G99: 9 | H99: =ROUND(G99,2) -> 9 | I99: =ROUND(H99*E99,2) -> 210.51
A100: 10.16 | B100: SICOR - ED-34504 | C100: DISJUNTOR TRIPOLAR TIPO CAIXA MOLDADA, CORRENTE NOMINAL DE 200A, FORNECIMENTO E INSTALAÇÃO, INCLUSIVE TERMINAL DE COMPRESSÃO | D100: 472.02 | E100: =ROUND(D100+$F$3*D100,2) -> 599.65 | F100: UNID. | G100: 1 | H100: =ROUND(G100,2) -> 1 | I100: =ROUND(H100*E100,2) -> 599.65
...

Sheet Cronograma Fisico Financeiro
A1: SECRETARIA MUNICIPAL DE EDUCAÇÃO DE JANUÁRIA - MG
A2: DESCRIÇÃO | B2: FÍSICO | C2: FINANCEIRO | D2: 1º Mês | E2: 2º Mês | F2: 3º Mês | G2: 4º Mês | H2: 5º Mês | I2: 6º Mês | J2: 7º Mês | K2: 8º Mês | L2: 9º Mês | M2: 10º Mês | N2: 11º Mês | O2: 12º Mês | P2: Total
A3: ='Planilha Orçamentária'!C8 -> SERVIÇOS PRELIMINARES | B3: =C3/$C$26 -> 0.015844903 | C3: ='Planilha Orçamentária'!I8 -> 74808.63 | D3: =C3 -> 74808.63 | P3: =SUM(D3:O3) -> 74808.63
A4: ='Planilha Orçamentária'!C15 -> MOVIMENTO DE TERRA | B4: =C4/$C$26 -> 0.013214135 | C4: ='Planilha Orçamentária'!I15 -> 62387.97 | E4: =1*C4 -> 62387.97 | P4: =SUM(D4:O4) -> 62387.97
A5: ='Planilha Orçamentária'!C22 -> FUNDAÇÃO | B5: =C5/$C$26 -> 0.040790925 | C5: ='Planilha Orçamentária'!I22 -> 192586.42 | E5: =C5 -> 192586.42 | P5: =SUM(D5:N5) -> 192586.42
A6: ='Planilha Orçamentária'!C34 -> ESTRUTURA | B6: =C6/$C$26 -> 0.17657383 | C6: ='Planilha Orçamentária'!I34 -> 833659 | F6: =0.5*C6 -> 416829.5 | G6: =0.5*C6 -> 416829.5 | P6: =SUM(D6:N6) -> 833659
A7: ='Planilha Orçamentária'!C49 -> PAREDES E DIVISÓRIAS | B7: =C7/$C$26 -> 0.056721551 | C7: ='Planilha Orçamentária'!I49 -> 267799.77 | H7: =C7 -> 267799.77 | P7: =SUM(D7:N7) -> 267799.77
A8: ='Planilha Orçamentária'!C53 -> COBERTURA | B8: =C8/$C$26 -> 0.079029677 | C8: ='Planilha Orçamentária'!I53 -> 373123.25 | H8: =0.75*C8 -> 279842.44 | I8: =0.25*C8 -> 93280.813 | P8: =SUM(D8:N8) -> 373123.25
A9: ='Planilha Orçamentária'!C60 -> ESQUADRIAS | B9: =C9/$C$26 -> 0.028944674 | C9: ='Planilha Orçamentária'!I60 -> 136656.65 | I9: =C9 -> 136656.65 | P9: =SUM(D9:N9) -> 136656.65
A10: ='Planilha Orçamentária'!C68 -> PAVIMENTAÇÃO | B10: =C10/$C$26 -> 0.14326337 | C10: ='Planilha Orçamentária'!I68 -> 676390.15 | I10: =0.5*C10 -> 338195.07 | J10: =0.5*C10 -> 338195.07 | P10: =SUM(D10:N10) -> 676390.15
A11: ='Planilha Orçamentária'!C79 -> REVESTIMENTOS | B11: =C11/$C$26 -> 0.08594885 | C11: ='Planilha Orçamentária'!I79 -> 405790.78 | J11: =0.75*C11 -> 304343.09 | K11: =0.25*C11 -> 101447.7 | P11: =SUM(D11:N11) -> 405790.78
A12: ='Planilha Orçamentária'!C84 -> INSTALAÇÕES ELÉTRICAS | B12: =C12/$C$26 -> 0.04182311 | C12: ='Planilha Orçamentária'!I84 -> 197459.68 | K12: =C12 -> 197459.68 | P12: =SUM(D12:N12) -> 197459.68
A13: ='Planilha Orçamentária'!C121 -> REDE LÓGICA | B13: =C13/$C$26 -> 0.0017483872 | C13: ='Planilha Orçamentária'!I121 -> 8254.67 | O13: =1*C13 -> 8254.67 | P13: =SUM(D13:O13) -> 8254.67
A14: ='Planilha Orçamentária'!C126 -> INSTALAÇÕES HIDROSSANITÁRIAS | B14: =C14/$C$26 -> 0.049383936 | C14: ='Planilha Orçamentária'!I126 -> 233156.65 | L14: =C14 -> 233156.65 | P14: =SUM(D14:N14) -> 233156.65
A15: ='Planilha Orçamentária'!C149 -> DRENAGEM | B15: =C15/$C$26 -> 0.011237659 | C15: ='Planilha Orçamentária'!I149 -> 53056.42 | E15: =0.5*C15 -> 26528.21 | F15: =0.5*C15 -> 26528.21 | P15: =SUM(D15:N15) -> 53056.42
A16: ='Planilha Orçamentária'!C155 -> PINTURA | B16: =C16/$C$26 -> 0.069234863 | C16: ='Planilha Orçamentária'!I155 -> 326878.94 | L16: =0.5*C16 -> 163439.47 | M16: =0.5*C16 -> 163439.47 | P16: =SUM(D16:N16) -> 326878.94
A17: ='Planilha Orçamentária'!C164 -> RODAPÉ | B17: =C17/$C$26 -> 0.0073466481 | C17: ='Planilha Orçamentária'!I164 -> 34685.77 | M17: =C17 -> 34685.77 | P17: =SUM(D17:N17) -> 34685.77
A18: ='Planilha Orçamentária'!C166 -> METAIS E LOUÇAS | B18: =C18/$C$26 -> 0.010077509 | C18: ='Planilha Orçamentária'!I166 -> 47579 | M18: =C18 -> 47579 | P18: =SUM(D18:N18) -> 47579
A19: ='Planilha Orçamentária'!C177 -> BANCADAS E PEITORIL | B19: =C19/$C$26 -> 0.011063963 | C19: ='Planilha Orçamentária'!I177 -> 52236.35 | M19: =C19 -> 52236.35 | P19: =SUM(D19:N19) -> 52236.35
A20: ='Planilha Orçamentária'!C182 -> MURO DE FECHAMENTO | B20: =C20/$C$26 -> 0.051013915 | C20: ='Planilha Orçamentária'!I182 -> 240852.28 | D20: =0.3*C20 -> 72255.684 | E20: =0.35*C20 -> 84298.298 | O20: =0.35*C20 -> 84298.298 | P20: =SUM(D20:O20) -> 240852.28
A21: ='Planilha Orçamentária'!C186 -> DEPÓSITO DE GÁS | B21: =C21/$C$26 -> 0.0010256358 | C21: ='Planilha Orçamentária'!I186 -> 4842.34 | J21: =1*C21 -> 4842.34 | P21: =SUM(D21:O21) -> 4842.34
A22: ='Planilha Orçamentária'!C189 -> QUADRA | B22: =C22/$C$26 -> 0.094797689 | C22: ='Planilha Orçamentária'!I189 -> 447568.85 | F22: =$C$22/10 -> 44756.885 | G22: =$C$22/10 -> 44756.885 | H22: =$C$22/10 -> 44756.885 | I22: =$C$22/10 -> 44756.885 | J22: =$C$22/10 -> 44756.885 | K22: =$C$22/10 -> 44756.885 | L22: =$C$22/10 -> 44756.885 | M22: =$C$22/10 -> 44756.885 | ... O22: =$C$22/10 -> 44756.885 | P22: =SUM(D22:O22) -> 447568.85
A23: ='Planilha Orçamentária'!C215 -> PROJETOS COMPLEMENTARES | B23: =C23/$C$26 -> 0.00049580778 | C23: ='Planilha Orçamentária'!I215 -> 2340.86 | D23: =1*C23 -> 2340.86 | P23: =SUM(D23:O23) -> 2340.86
A24: ='Planilha Orçamentária'!C217 -> ACESSIBILIDADE | B24: =C24/$C$26 -> 0.001076609 | C24: ='Planilha Orçamentária'!I217 -> 5083 | O24: =C24 -> 5083 | P24: =SUM(D24:O24) -> 5083
A25: ='Planilha Orçamentária'!C220 -> SERVIÇOS COMPLEMENTARES | B25: =C25/$C$26 -> 0.0093423503 | C25: ='Planilha Orçamentária'!I220 -> 44108.09 | O25: =C25 -> 44108.09 | P25: =SUM(D25:O25) -> 44108.09
A26: SOMA | B26: =SUM(B3:B25) -> 1 | C26: =SUM(C3:C25) -> 4721305.5 | D26: =SUM(D3:D25) -> 149405.17 | E26: =SUM(E3:E25) -> 365800.9 | F26: =SUM(F3:F25) -> 488114.6 | G26: =SUM(G3:G25) -> 461586.39 | H26: =SUM(H3:H25) -> 592399.09 | I26: =SUM(I3:I25) -> 612889.42 | ... P26: =SUM(P3:P25) -> 4721305.5
A27: PORCENTAGEM | D27: =D26/$C$26 -> 0.031644886 | E27: =E26/$C$26 -> 0.07747876 | F27: =F26/$C$26 -> 0.10338551 | G27: =G26/$C$26 -> 0.097766684 | H27: =H26/$C$26 -> 0.12547358 | I27: =I26/$C$26 -> 0.12981355 | J27: =J26/$C$26 -> 0.14659873 | K27: =K26/$C$26 -> 0.072790091 | ... O27: =O26/$C$26 -> 0.039501986 | P27: =SUM(D27:O27) -> 1
A28: PORCENTAGEM ACUMULADA | D28: =D27 -> 0.031644886 | E28: =D28+E27 -> 0.10912365 | F28: =E28+F27 -> 0.21250916 | G28: =F28+G27 -> 0.31027584 | H28: =G28+H27 -> 0.43574942 | I28: =H28+I27 -> 0.56556297 | J28: =I28+J27 -> 0.7121617 | K28: =J28+K27 -> 0.78495179 | L28: =K28+L27 -> 0.87843292 | ... O28: =N28+O27 -> 1 | P28: =O28 -> 1
A29: FINANCEIRO ACUMULADO | D29: =D26 -> 149405.17 | E29: =D29+E26 -> 515206.07 | F29: =E29+F26 -> 1003320.7 | G29: =F29+G26 -> 1464907.1 | H29: =G29+H26 -> 2057306.1 | I29: =H29+I26 -> 2670195.6 | J29: =I29+J26 -> 3362333 | K29: =J29+K26 -> 3705997.2 | L29: =K29+L26 -> 4147350.2 | ... O29: =N29+O26 -> 4721305.5 | P29: =O29 -> 4721305.5
A33: ='Planilha Orçamentária'!A224 -> ______________________________________________________ | H33: ='Planilha Orçamentária'!D224 -> ______________________________________________________
A34: ='Planilha Orçamentária'!A226 -> Weslei Júnior Guedes de Jesus | H34: ='Planilha Orçamentária'!D226 -> Helisson Fidélis Porto de Moura
A35: ='Planilha Orçamentária'!A227 -> Secretário Municipal de Educação de Januária - Mg | H35: ='Planilha Orçamentária'!D227 -> Engenheiro Civil - Secretário Municipal de Educação de Januária - Mg

Sheet Composição BDI
B1: SECRETARIA MUNICIPAL DE EDUCAÇÃO DE JANUÁRIA - MG
B2: ITENS | C2: SIGLAS | D2: % ADOTADO
B3: Administração Central | C3: AC | D3: 0.055
B4: Seguro e Garantia | C4: SG | D4: 0.01
B5: Risco | C5: R | D5: 0.0127
B6: Despesas Financeiras | C6: DF | D6: 0.0105
B7: Lucro | C7: L | D7: 0.075
B8: Tributos (impostos COFINS 3% e PIS 0,65%) | C8: CP | D8: 0.0365
B9: Tributos (ISS, variável de acordo com o município) | C9: ISS | D9: 0.015
B10: Tributos (Contribuição Previdenciária sobre a Receita Bruta - 0% (sem desoneração) ou 4,5% (com desoneração) | C10: CPRB | D10: 0.027
B11: BDI COM DESONERAÇÃO | C11: BDI DES | D11: =ROUND((((1+D3+D4+D5)*(1+D6)*(1+D7))/(1-D8-D9-D10))-1,4) -> 0.2704
B14: Conforme legislação tributária municipal, definir estimativa de percentual da base de cálculo para o ISS | C14: 0.5
B15: Sobre a base de cálculo, definir a respectiva alíquota do ISS (entre 2% e 5%) | C15: 0.03
B17: Os valores de BDI foram calculados com o emprego da fórmula:
B18: BDI = ( ( ( 1 +AC + S + R + G ) * ( 1 + DF ) * ( 1 + L ) ) / ( 1 - CP - ISS - CPRB ) ) - 1
B23: ='Planilha Orçamentária'!A224 -> ______________________________________________________
B24: ='Planilha Orçamentária'!A226 -> Weslei Júnior Guedes de Jesus
B25: ='Planilha Orçamentária'!A227 -> Secretário Municipal de Educação de Januária - Mg
B31: __________________________________________
B32: ='Planilha Orçamentária'!D226 -> Helisson Fidélis Porto de Moura
B33: ='Planilha Orçamentária'!D227 -> Engenheiro Civil - Secretário Municipal de Educação de Januária - Mg
